 Dungeon Crawl Stone Soup version 0.20-a0-820-g557356e (webtiles) character file.

8190 Thrkk the Contemplative (level 11, 0/84 HPs)
             Began as a Formicid Fighter on Mar 5, 2017.
             Was a Priest of Cheibriados.
             Slain by an ogre
             ... wielding a +0 giant club
              (21 damage)
             ... on level 9 of the Dungeon.
             The game lasted 00:25:51 (10142 turns).

Thrkk the Contemplative (Formicid Fighter)         Turns: 10142, Time: 00:25:51

Health: 0/84       AC: 13    Str: 29    XL:     11   Next: 51%
Magic:  19/19      EV:  8    Int: 19    God:    Cheibriados [***...]
Gold:   95         SH:  0    Dex: 18    Spells: 10/10 levels left

rFire    . . .     SeeInvis +   a - +0 long sword
rCold    + . .     Gourm    .   s - +0 chain mail
rNeg     . . .     Faith    .   c - +0 shield
rPois    .         Spirit   .   (helmet unavailable)
rElec    .         Reflect  .   g - +0 cloak
rCorr    .         Harm     .   (no gloves)
MR       +....                  j - +0 pair of boots
Stlth    ..........             (no amulet)
Regen    0.3/turn               A - ring of protection from cold
MPRegen  0.2/turn               (no ring)

@: confused, flying, very slow
A: permanent stasis, dig shafts and tunnels, four strong arms, antennae 3
a: Dig, Shaft Self, Bend Time, Temporal Distortion, Renounce Religion


You were on level 9 of the Dungeon.
You worshipped Cheibriados.
Cheibriados was most pleased with you.
You were not hungry.

You visited 2 branches of the dungeon, and saw 10 of its levels.
You also visited: Sewer.

You collected 410 gold pieces.
You spent 315 gold pieces at shops.

Inventory:

Hand Weapons
 a - a +0 long sword (weapon)
 d - a +2 rapier of draining
 l - a +2 short sword of holy wrath
 z - the +2 dagger of Somewhere Else {pierce, rElec rPois rF+ rC+, unknown}
   (You found it on level 4 of the Dungeon)

   It inflicts extra damage upon your enemies.
   It protects you from fire.
   It protects you from cold.
   It insulates you from electricity.
   It protects you from poison.
Armour
 c - a +0 shield (worn)
 g - a +0 cloak (worn)
 j - a +0 pair of boots (worn)
 s - a +0 chain mail (worn)
Jewellery
 A - a ring of protection from cold (right hand)
Wands
 n - a wand of confusion (13/48)
 q - a wand of polymorph (8/24)
 r - a wand of enslavement (7/24)
 C - a wand of iceblast (0/15)
 H - a wand of acid (8/15)
Scrolls
 m - 2 scrolls of amnesia
 o - 4 scrolls of magic mapping
 p - 4 scrolls of fear
 t - a scroll of fog {unknown}
 v - a scroll of recharging {unknown}
 D - 3 scrolls of acquirement {unknown}
Potions
 b - a potion of invisibility
 e - 6 potions of curing
 i - 2 potions of might
 u - a potion of ambrosia
 w - 3 potions of magic
 x - 5 potions of flight
 B - 2 potions of agility
 E - a potion of brilliance {unknown}
 F - a potion of lignification {unknown}
 I - a potion of cancellation {unknown}
Books
 y - a book of Maledictions

   Spells                             Type                      Level
   a - Corona                         Hexes                        1
   b - Ensorcelled Hibernation        Hexes/Ice                    2
   c - Confuse                        Hexes                        3
   d - Tukima's Dance                 Hexes                        3
   e - Dazzling Spray                 Conjuration/Hexes            3
 J - a book of Conjurations

   Spells                             Type                      Level
   a - Magic Dart                     Conjuration                  1
   b - Searing Ray                    Conjuration                  2
   c - Dazzling Spray                 Conjuration/Hexes            3
   d - Fulminant Prism                Conjuration/Hexes            4
   e - Force Lance                    Conjuration/Translocation    4
   f - Iskenderun's Mystic Blast      Conjuration                  4
Comestibles
 f - 6 bread rations
 h - 10 meat rations


   Skills:
 - Level 7.2 Fighting
 + Level 10.4 Long Blades
 - Level 7.2 Armour
 - Level 7.9 Shields
 - Level 11.0 Invocations


You had 10 spell levels left.
You didn't know any spells.

Dungeon Overview and Level Annotations

Branches:
Dungeon (9/15)             Temple (1/1) D:5
   Lair: D:8-11         Orc: D:9-12

Altars:
Ashenzari
Cheibriados
Dithmenos
Elyvilon
Fedhas
Gozag
Hepliaklqana
Makhleb
Nemelex Xobeh
Qazlal
Ru
Trog
Vehumet
Wu Jian
Xom
Yredelemnul
Zin
The Shining One
Beogh

Shops:
D:6 *   D:7 !

Annotations:
D:4 exclusion: statue


Innate Abilities, Weirdness & Mutations

You cannot be hasted, slowed, berserked, paralysed or teleported.
You can dig through walls and to a lower floor.
Your four strong arms can wield two-handed weapons with a shield.
You have a pair of large antennae on your head. (SInv)


Message History

You retract your mandibles.
You slice the two-headed ogre!!
The two-headed ogre is heavily wounded.
The two-headed ogre hits you with a giant club!!
The two-headed ogre hits you but does no damage.
You slash the two-headed ogre!
The two-headed ogre is severely wounded.
The two-headed ogre hits you with a giant club!
* * * LOW HITPOINT WARNING * * *
You block the two-headed ogre's attack.
Evoke which item? (* to show all) (? for menu, Esc to quit)
Aiming: Iceblast (will waste charges)
Press: ? - help, Shift-Dir - straight line
Okay, then.
You are confused.
You feel invigorated.
The two-headed ogre hits you with a giant club.
The two-headed ogre hits you with a giant spiked club!
* * * LOW HITPOINT WARNING * * *
The ogre hits you with a giant club!!
You die...

##.........# ##.....#
##!##..###.# ##.......
##.....###.######
#........
+...............#
###........
##.....###.######
+.##..)....
..>........# #####
#..#)...?..
###.######## ##OO.##
##))##..>.# #.#
###O#≈≈.####.))###..##
#.#
#..OO@O#..#.....|#'###
#.#
#...O≈#.###......##.#.#
###.# #...>####
##≈...###.)## ..#.#
##..# ##≈≈## #.## #.#.#
##. #### #..## #.#.# .#
#### #...# #.#.# #.
##..## #.... ....#
#≈####.##.# #.... #.###
#≈≈..###.## ####..##


You could see 3 two-headed ogres and 4 ogres.

Vanquished Creatures
  4 two-headed ogres (D:9)
  An ogre mage (D:9)
  The ghost of chris0x the Covered, an amateur HuWn (Sewer)
  Grinder (D:5)
  Sigmund (D:2)
  Menkaure (D:7)
  An orc warrior (D:7)
  An ice beast (D:5)
  A sky beast (D:6)
  2 black bears (D:6)
  14 ogres
  2 phantoms (D:4)
  2 centaurs
  Blork the orc (D:5)
  4 big kobolds
  4 bullfrogs
  2 wyvern skeletons
  4 killer bees (D:9)
  4 scorpions
  A water moccasin skeleton (D:6)
  3 crimson imps (D:9)
  2 bullfrog skeletons
  3 hounds
  A quasit (D:8)
  5 orc priests
  A gnoll shaman (D:8)
  Crazy Yiuf (D:7)
  Jessica (D:3)
  2 iguanas
  Ijyb (D:3)
  4 orc wizards
  8 worker ants
  A hound skeleton (D:5)
  Robin (D:2)
  A worker ant zombie (D:9)
  9 gnolls
  A howler monkey skeleton (D:5)
  11 adders
  A river rat (Sewer)
  2 shadow imps
  4 oozes
  4 adder skeletons
  5 worms
  A dart slug (D:3)
  8 leopard geckos
  24 orcs
  11 bats
  7 giant cockroaches
  15 goblins
  13 hobgoblins
  3 jackals
  17 kobolds
  4 quokkas
  4 ball pythons
  3 frilled lizards
  A jackal skeleton (D:6)
  A jackal zombie (D:8)
  5 rats
241 creatures vanquished.

Notes
Turn   | Place    | Note
-------+----------+-------------------------------------------
     0 | D:1      | Thrkk the Formicid Fighter began the quest for the Orb.
     0 | D:1      | Reached XP level 1. HP: 18/18 MP: 1/1
   159 | D:1      | Reached XP level 2. HP: 24/24 MP: 2/2
   311 | D:1      | Reached XP level 3. HP: 24/29 MP: 3/3
   522 | D:1      | Found a sparkling altar of Nemelex Xobeh.
  1058 | D:2      | Noticed Robin
  1096 | D:2      | Killed Robin
  1096 | D:2      | Reached XP level 4. HP: 28/35 MP: 4/4
  1324 | D:2      | Noticed Sigmund
  1333 | D:2      | Killed Sigmund
  1333 | D:2      | Reached XP level 5. HP: 41/41 MP: 5/5
  1333 | D:2      | Reached XP level 6. HP: 47/47 MP: 6/6
  2047 | D:3      | Noticed Jessica
  2066 | D:3      | Killed Jessica
  2274 | D:3      | Noticed Ijyb
  2310 | D:3      | Killed Ijyb
  2449 | D:3      | Found a sacrificial altar of Ru.
  2453 | D:3      | Reached XP level 7. HP: 52/52 MP: 7/7
  2666 | D:4      | Found a roughly hewn altar of Beogh.
  2758 | D:4      | Found a glowing drain.
  2779 | Sewer    | Entered a sewer
  2816 | Sewer    | Noticed chris0x's ghost (amateur HuWn)
  2851 | Sewer    | Killed chris0x's ghost
  2851 | Sewer    | Reached skill level 5 in Shields
  3102 | Sewer    | Reached skill level 5 in Armour
  3102 | Sewer    | Reached XP level 8. HP: 54/58 MP: 8/8
  3677 | D:4      | Found a stormy altar of Qazlal.
  3678 | D:4      | Found a glowing silver altar of Zin.
  3988 | D:4      | Found a radiant altar of Vehumet.
  4207 | D:4      | Got an iridescent dagger
  4327 | D:4      | You fall through a shaft!
  4327 | D:5      | Entered Level 5 of the Dungeon
  4449 | D:5      | Found a staircase to the Ecumenical Temple.
  4491 | Temple   | Entered the Ecumenical Temple
  4521 | Temple   | Became a worshipper of Cheibriados the Contemplative
  4584 | D:5      | Noticed Grinder
  4609 | D:5      | Killed Grinder
  4609 | D:5      | Reached XP level 9. HP: 53/64 MP: 9/9
  4871 | D:5      | Noticed Eustachio
  4873 | D:5      | Noticed Eustachio
  4873 | D:5      | Eustachio changed into Eustachio the ice beast
  4887 | D:5      | Killed Eustachio the ice beast
  5041 | D:5      | Found a blossoming altar of Fedhas.
  5138 | D:5      | Reached skill level 5 in Fighting
  5246 | D:5      | Noticed Blork the orc
  5257 | D:5      | Killed Blork the orc
  5704 | D:6      | Found Guyjinn's Assorted Antiques.
  5931 | D:6      | Reached * piety under Cheibriados
  6110 | D:6      | Found a bloodstained altar of Trog.
  6120 | D:6      | Reached skill level 2 in Invocations
  6129 | D:6      | Reached skill level 3 in Invocations
  6343 | D:7      | Reached skill level 4 in Invocations
  6588 | D:7      | Noticed Menkaure
  6610 | D:7      | Killed Menkaure
  6610 | D:7      | Reached skill level 5 in Invocations
  6610 | D:7      | Reached XP level 10. HP: 38/79 MP: 13/13
  6850 | D:7      | Found a burning altar of Makhleb.
  6869 | D:7      | Reached skill level 6 in Invocations
  6898 | D:7      | Found an opulent altar of Gozag.
  7087 | D:7      | Reached ** piety under Cheibriados
  7115 | D:7      | Found a runed door.
  7196 | D:7      | Noticed Crazy Yiuf
  7207 | D:7      | Killed Crazy Yiuf
  7434 | D:7      | Found Aceracosty's Distillery.
  7448 | D:7      | Bought a potion of heal wounds for 75 gold pieces
  7448 | D:7      | Bought a potion of heal wounds for 75 gold pieces
  7448 | D:7      | Bought a potion of ambrosia for 120 gold pieces
  7448 | D:7      | Bought a potion of curing for 45 gold pieces
  7691 | D:8      | Reached skill level 7 in Invocations
  8219 | D:9      | Found a white marble altar of Elyvilon.
  8287 | D:9      | Reached skill level 8 in Invocations
  8328 | D:9      | Reached *** piety under Cheibriados
  8429 | D:9      | Reached skill level 9 in Invocations
  8869 | D:9      | Reached skill level 10 in Invocations
  8892 | D:9      | Noticed a two-headed ogre
  8902 | D:9      | Killed a two-headed ogre
  9178 | D:9      | Reached skill level 11 in Invocations
  9213 | D:9      | Reached **** piety under Cheibriados
  9363 | D:9      | Found an ornate altar of the Wu Jian Council.
  9363 | D:9      | Found a hazy altar of Hepliaklqana.
  9806 | D:9      | Noticed a two-headed ogre
  9806 | D:9      | Noticed an ogre mage
  9806 | D:9      | Noticed a two-headed ogre
  9806 | D:9      | Noticed a two-headed ogre
  9816 | D:9      | Killed a two-headed ogre
  9816 | D:9      | Reached XP level 11. HP: 45/84 MP: 19/19
  9825 | D:9      | Killed an ogre mage
  9826 | D:9      | Killed a two-headed ogre
  9826 | D:9      | Reached skill level 10 in Long Blades
  9828 | D:9      | Killed a two-headed ogre
 10121 | D:9      | Noticed a two-headed ogre
 10121 | D:9      | Noticed a two-headed ogre
 10121 | D:9      | Noticed a two-headed ogre
 10142 | D:9      | Slain by an ogre

Vault maps used:
D:1:      minmay_arrival_wavy_path, nemelex_diamond_rough_becter
D:2:      first_bread, uniq_sigmund, uniq_robin
D:3:      st_stairs_8, nicolae_ru_great_annihilating_truth, uniq_jessica,
          uniq_iyjb
D:4:      vehumet_statue, gammafunk_temple_overflow_statue,
          gup_sewer_entry_pipe, minmay_misc_feat_iff, minmay_crystal_room,
          serial_park_tiny_1, kennysheep_orc_chapel
D:5:      minmay_temple_entry_water_ring, fedhas_altar_4, uniq_blork_the_orc,
          uniq_grinder, uniq_eustachio
D:6:      trog_ov_bears_minmay, serial_shops, shop
D:7:      lemuel_crystal_altar, lemuel_crystal_altar, serial_shops, shop,
          uniq_crazy_yiuf_cottage, uniq_menkaure
D:8:      grunt_ogre_cave
D:9:      lemuel_ogre_cave, gammafunk_temple_overflow_pools, basic_altar
Temple:   oiseaux_autumnal_temple
Sewer:    sewer_co_15_rooms

Skill      XL: |  1  2  3  4  5  6  7  8  9 10 11 |
---------------+----------------------------------+-----
Long Blades    | 3 6 7 8 10 | 10.4
Shields        | 5 7 |  7.9
Armour         | 5 7 |  7.2
Fighting       | 7 |  7.2
Invocations    | 5 11 | 11.0

Action                   |  1- 3 |  4- 6 |  7- 9 | 10-12 || total
-------------------------+-------+-------+-------+-------++-------
Melee: Long sword        |   103 |   217 |   386 |   390 ||  1096
       Short sword       |       |       |    23 |       ||    23
Invok: Slouch            |       |       |       |     2 ||     2
 Abil: Dig               |     1 |     1 |     5 |     7 ||    14
Evoke: Wand              |       |       |     2 |     2 ||     4
  Use: Potion            |       |     1 |     5 |     9 ||    15
       Scroll            |       |     1 |    10 |     2 ||    13
 Stab: Paralysed         |       |       |     3 |       ||     3
       Invisible         |       |       |       |     1 ||     1
  Eat: Chunk             |       |     6 |    12 |     2 ||    20
       Royal jelly       |       |       |     1 |       ||     1
       Meat ration       |       |       |       |     1 ||     1
Armor: Scale mail        |    31 |    37 |       |       ||    68
       Chain mail        |       |    90 |   169 |   128 ||   387
Dodge: Dodged            |    23 |    52 |    99 |   110 ||   284
Block: Shield            |    50 |   114 |   176 |   248 ||   588
       Rpst.: Long sword |     6 |    20 |    29 |    32 ||    87
